 Dungeon Crawl Stone Soup version 0.27-a0-1456-gf5a116941d (webtiles) character file.

Game seed: 2452597873523541987

22 avis the Insei (level 2, -11/18 HPs)
             Began as an Octopode Transmuter on July 6, 2021.
             Mangled by Sigmund (13 damage)
             ... on level 2 of the Dungeon.
             The game lasted 00:05:56 (1612 turns).

avis the Insei (Octopode Transmuter)                Turns: 1612, Time: 00:05:57

Health: -11/18     AC:  1    Str:  9    XL:     2   Next: 91%
Magic:  4/5        EV: 13    Int: 15    God:
Gold:   34         SH:  0    Dex: 12    Spells: 4/5 levels left

rFire    . . .     SeeInvis .   d - +0 short sword
rCold    . . .     Faith    .   (no shield)
rNeg     . . .     Spirit   .   (helmet currently unavailable)
rPois    .         Reflect  .   f - amulet of the acrobat
rElec    .         Harm     .   (no ring)
rCorr    .         Rampage  .   (no ring)
Will     .....                  (no ring)
Stlth    +++.......             (no ring)
HPRegen  0.06/turn              (no ring)
MPRegen  0.09/turn              (no ring)
                                (no ring)
                                (no ring)

@: appendages (expiring)
A: tentacle spike 3, almost no armour, amphibious, 8 rings, camouflage 1,
gelatinous body 1, (nimble swimmer 1), tentacles
a: End Transformation


You were on level 2 of the Dungeon.
One of your tentacles had grown a beastly spike.
You visited 1 branch of the dungeon, and saw 2 of its levels.

You collected 34 gold pieces.

Inventory:

Hand Weapons
 a - a +0 mace
 d - a +0 short sword (weapon)
Missiles
 e - 19 arrows
 g - 38 stones
 k - 24 bolts
Jewellery
 f - an amulet of the acrobat (around mantle)
 i - an amulet of guardian spirit
Scrolls
 h - a scroll of teleportation {unknown}
Potions
 b - a potion of curing {unknown}
 c - a potion of attraction {unknown}
 j - a potion of haste {unknown}


   Skills:
 - Level 1.0 Fighting
 - Level 2.0 Dodging
 - Level 2.0 Stealth
 * Level 3.6 Unarmed Combat
 - Level 2.0 Spellcasting
 - Level 2.0 Transmutations


You had 4 spell levels left.
You knew the following spells:

 Your Spells              Type           Power      Damage    Failure   Level
a - Beastly Appendage     Tmut           14%        N/A       10%         1

Your spell library contained the following spells:

 Spells                   Type           Power      Damage    Failure   Level
 Wereblood                Tmut           7%         N/A       14%         2
 Sublimation of Blood     Necr           0%         N/A       32%         2
 Spider Form              Tmut/Pois      2%         N/A       41%         3
 Ice Form                 Ice/Tmut       4%         N/A       82%         4
 Summon Hydra             Summ           0%         N/A       100%        7


Dungeon Overview and Level Annotations

Branches:
Dungeon (2/15)

Altars:

Annotations:
D:2 Sigmund


Innate Abilities, Weirdness & Mutations

One of your tentacles has grown a beastly spike.
You cannot wear most types of armour.
You are amphibious.
You can wear up to eight rings at the same time.
Your skin changes colour to match your surroundings (Stealth+).
Your rubbery body absorbs attacks. (AC +1, EV +1)
((You are camouflaged near water. (Stealth+)))
You have tentacles for arms and can constrict up to eight enemies at once.


Message History

You hit the endoplasm.
You kill the endoplasm!
Your transformation is almost over.
Your tentacle spike disappears.
You open the door.
There is an open door here.
You now have 34 gold pieces (gained 17).
Sigmund the Dreaded comes into view.
He is wielding a +0 scythe and wearing a +2 robe of willpower.
The helpless Sigmund fails to defend himself.
You hit Sigmund. You grab Sigmund. You squeeze Sigmund.
Sigmund is moderately wounded.
You constrict Sigmund.
Sigmund points at you and mumbles some strange words.
You resist with significant effort.
Casting: Beastly Appendage (safe; 10% risk of failure)
Confirm with . or Enter, or press ? or * to list all spells.
One of your tentacles grows a vicious spike.
You constrict Sigmund, but do no damage.
Sigmund barely misses you.
You barely miss Sigmund.
Sigmund is moderately wounded.
You constrict Sigmund.
Sigmund casts a spell.
Sigmund flickers and vanishes!
Deactivating autopickup; reactivate with Ctrl-A.
Something hits you.
You hit something. You squeeze something. You constrict something.
You hear some strange, mumbled words.
A magic dart appears from out of thin air!
The magic dart hits you!
You closely miss something. You constrict something. Something hits you.
* * * LOW HITPOINT WARNING * * *
You hit something but do no damage. You constrict something.
Something barely misses you.
You hit something.
Your transformation is almost over.
You constrict something. Something barely misses you.
You barely miss something. You constrict something. Something hits you!
Ouch! That really hurt!
You die...

#.......#..#.#
....##..#..#.#
### ##..#<.#.#
### #...####.#
#.. #..##....#
#.# #..##.####
#.# #..##.# #{#
#.....#
#@########.####
#..........#
############


There were no monsters in sight!

Vanquished Creatures
  2 dart slugs
  2 bats
  An endoplasm (D:2)
  A giant cockroach (D:1)
  A goblin (D:1)
  2 hobgoblins (D:1)
  A quokka (D:1)
  2 ball pythons (D:1)
  A frilled lizard (D:1)
  3 kobolds (D:1)
  A rat (D:2)
17 creatures vanquished.

Notes
Turn   | Place    | Note
-------+----------+-------------------------------------------
     0 | D:1      | avis the Octopode Transmuter began the quest for the Orb.
     0 | D:1      | Reached XP level 1. HP: 13/13 MP: 3/3
   457 | D:1      | Reached XP level 2. HP: 18/18 MP: 1/5
   509 | D:1      | Reached skill level 1 in Stealth
  1544 | D:2      | Found a faded altar of an unknown god.
  1603 | D:2      | Noticed Sigmund
  1612 | D:2      | Mangled by Sigmund

Illustrated notes

Levels and vault maps discovered:
D:1:      dpeg_arrival_rhombus, layout_loops_ring
D:2:      layout_basic, hellmonk_ecumenical_altar_slurped_away, uniq_natasha,
          uniq_sigmund

Skill      XL: |  1  2 |
---------------+-------+-----
Stealth        | 2 |  2.0
Fighting       | |  1.0
Dodging        | |  2.0
Unarmed Combat | |  3.6
Spellcasting   | |  2.0
Transmutations | |  2.0

Action                   || total
-------------------------++-------
Melee: Mace              ||     9
       Constrict         ||    11
       Kick              ||     8
       Short sword       ||    32
       Tentacles         ||     6
 Cast: Beastly Appendage ||    23
 Stab: Sleeping          ||     6
Armor: Skin              ||     3
Dodge: Dodged            ||    23

Table legend: (Time is in decaauts)
 A = Elapsed time spent in this place.
 B = Non-inter-level travel time spent in this place.
 C = Inter-level travel time spent in this place.
 D = Time resting spent in this place.
 E = Time spent auto-exploring this place.
 F = Levels seen in this place.
 G = Mean time per level.
                   A        B        C        D        E       F      G
               +--------+--------+--------+--------+--------+-----+--------+
         Total |   1619 |   1466 |    153 |    355 |    813 |   2 |  809.5 |
       Dungeon |   1619 |   1466 |    153 |    355 |    813 |   2 |  809.5 |
               +--------+--------+--------+--------+--------+-----+--------+

Top non-repeatable levels by time:
     D:1: 1310 daAuts
     D:2: 309 daAuts
